 Dungeon Crawl Stone Soup version 0.24-a0-537-g2d01d4ab0a (webtiles) character file.

Game seed: 4273265239777155322

161 Norm the Poker (level 5, -6/54 HPs)
             Began as an Ogre Abyssal Knight on Aug 13, 2019.
             Was a Priest of Lugonu.
             Killed by divine providence
             ... invoked by an orc priest
              (13 damage)
             ... on level 4 of the Dungeon.
             The game lasted 00:05:23 (3007 turns).

Norm the Poker (Ogre Abyssal Knight)                Turns: 3007, Time: 00:05:23

Health: -6/54      AC:  3    Str: 16    XL:     5   Next: 42%
Magic:  7/7        EV: 10    Int: 14    God:    Lugonu [***...]
Gold:   78         SH:  6    Dex:  8    Spells: 4/4 levels left

rFire    . . .     SeeInvis .   g - +2 whip (venom)
rCold    . . .     Gourm    .   (no shield)
rNeg     . . .     Faith    .   b - +0 robe
rPois    .         Spirit   .   (helmet restricted)
rElec    .         Reflect  +   (no cloak)
rCorr    .         Harm     .   (gloves unavailable)
MR       .....                  (boots unavailable)
Stlth    +.........             l - +6 amulet of reflection
HPRegen  0.18/turn              (no ring)
MPRegen  0.10/turn              (no ring)

@: no status effects
A: large, unfitting armour, tough skin 1
a: Depart the Abyss, Bend Space, Banish, Renounce Religion


You were on level 4 of the Dungeon.
You worshipped Lugonu.
Lugonu was most pleased with you.
You were not hungry.

You visited 1 branch of the dungeon, and saw 4 of its levels.
You visited the Abyss 1 time.

You collected 78 gold pieces.

Inventory:

Hand Weapons
 a - a +1 spear
 g - a +2 whip of venom (weapon)
 w - a +0 hunting sling
Missiles
 d - 13 poisoned darts (quivered)
 q - 8 javelins
 x - 14 stones
Armour
 b - a +0 robe (worn)
Jewellery
 l - a +6 amulet of reflection (around neck)
Scrolls
 i - a scroll of remove curse
 j - a scroll of magic mapping {unknown}
 m - a scroll of enchant armour {unknown}
 n - a scroll of noise {unknown}
 p - a scroll of amnesia {unknown}
 r - a scroll of teleportation
 s - a scroll of random uselessness {unknown}
 t - a scroll of fear {unknown}
Potions
 e - 3 potions of brilliance
 f - a potion of magic {unknown}
 o - 2 potions of might
 v - 2 potions of heal wounds {unknown}
 z - a potion of invisibility {unknown}
Comestibles
 c - 5 rations
 u - 2 chunks of flesh


   Skills:
 - Level 4.0 Fighting
 * Level 4.6 Polearms
 - Level 2.1 Dodging
 + Level 3.6 Invocations


You had 4 spell levels left.
You didn't know any spells.
Your spell library was empty.

Dungeon Overview and Level Annotations

Branches:
Dungeon (4/15)
 Temple: D:4-7

Altars:
Ashenzari
Dithmenos
Gozag
Zin


Innate Abilities, Weirdness & Mutations

You are too large for most types of armour.
You have tough skin. (AC +1)


Message History

You kill the orc!
Lugonu accepts your kill.
The orc wizard casts a spell.
The orc wizard seems to speed up.
The orc priest invokes the aid of Beogh against you.
You struggle to resist.
The orc priest miscasts a cantrip.
The orc priest calls down the wrath of Beogh upon you.
Beogh smites you!
Found a square ruby amulet.
The orc wizard mumbles some strange words.
The orc wizard blinks!
The orc priest invokes the aid of Beogh against you.
Beogh smites you!
* * * LOW HITPOINT WARNING * * *
Unknown command.
Okay, then.
The orc priest mumbles some strange prayers to Beogh against you.
Beogh smites you!
You die...

#..#
#..##############.#
#..........<.......
###..####.#########.#
.................
###..####.#######
#..####.#######
#.@............ ..
#.#####.######.
....###.#####.#
............#.#
....###o.##.#.######.
.................>...
"######.#.#.#.#.#....
..######o....#.#.# ..
.............#.#.#


You could see 2 orc priests.

Vanquished Creatures
  Terence (D:2)
  4 adders (D:2)
  An ooze (D:2)
  2 worms
  A dart slug (D:1)
  3 leopard geckos (D:1)
  5 orcs
  2 ball pythons
  6 bats
  5 giant cockroaches
  17 goblins
  7 hobgoblins
  3 jackals (D:2)
  9 kobolds
  A quokka (D:2)
  2 frilled lizards
  10 rats
79 creatures vanquished.

Notes
Turn   | Place    | Note
-------+----------+-------------------------------------------
     0 | Abyss:1  | Norm the Ogre Abyssal Knight began the quest for the Orb.
     0 | Abyss:1  | Reached XP level 1. HP: 24/24 MP: 2/2
    59 | D:1      | Escaped the Abyss
   520 | D:1      | Reached XP level 2. HP: 23/32 MP: 3/3
   906 | D:1      | Reached ** piety under Lugonu
   911 | D:1      | Reached XP level 3. HP: 14/39 MP: 4/4
  1493 | D:2      | Reached XP level 4. HP: 45/48 MP: 6/6
  1507 | D:2      | Found a glowing silver altar of Zin.
  1540 | D:2      | Noticed Terence
  1559 | D:2      | Killed Terence
  1848 | D:2      | Reached XP level 5. HP: 51/54 MP: 7/7
  1925 | D:2      | Reached *** piety under Lugonu
  2190 | D:3      | Found an opulent altar of Gozag.
  2195 | D:3      | Found a shadowy altar of Dithmenos.
  2271 | D:3      | Found a shattered altar of Ashenzari.
  3007 | D:4      | Killed from afar by an orc priest

Levels and vault maps discovered:
D:1:      dpeg_arrival_renting, layout_basic, st_stairs_13,
          minmay_misc_feat_columns
D:2:      layout_basic, zin_academy, guppyfry_early_orc_mine, uniq_terence
D:3:      layout_basic, grunt_temple_overflow_open, st_stairs_8,
          hangedman_decor_diamond_cutter, chequers_garden,
          evilmike_ruin_ashenzari
D:4:      layout_basic, lexackson_kobold_supper

Skill      XL: |  1  2  3  4 |
---------------+-------------+-----
Polearms       | 3 4 |  4.6
Invocations    | 3 |  3.6
Fighting       | |  4.0
Dodging        | |  2.1

Action                   |  1- 3 |  4- 6 || total
-------------------------+-------+-------++-------
Melee: Whip              |    97 |   102 ||   199
       Spear             |     1 |       ||     1
Throw: Dart              |     4 |       ||     4
  Use: Potion            |     2 |       ||     2
       Scroll            |       |     5 ||     5
  Eat: Chunk             |     1 |     6 ||     7
Armor: Robe              |    24 |    37 ||    61
Dodge: Dodged            |    42 |    50 ||    92
Block: Other             |       |     2 ||     2

Table legend:
 A = Non-vault XP
 B = Vault XP
 C = Vault XP percentage of total XP
 D = Non-vault monster count
 E = Vault monster count
 F = Vault count percentage of total count
                 A         B        C        D         E       F
            +---------+---------+-------+---------+---------+-------
      Total |     176 |      54 |  23.5 |      68 |      11 |  13.9
            +---------+---------+-------+---------+---------+-------
        D:1 |      51 |       1 |   1.9 |      27 |       1 |   3.6
        D:2 |      89 |      49 |  35.5 |      24 |       8 |  25.0
        D:3 |      28 |       4 |  12.5 |      15 |       2 |  11.8
        D:4 |       8 |       0 |   0.0 |       2 |       0 |   0.0
            +---------+---------+-------+---------+---------+-------
